[Event "Titled Tuesday Blitz May 23 Early 2023"]
[White "Seo, Jung Min"]
[Black "Zhigalko, Sergei"]
[WhiteFideId "1734687"]
[BlackFideId "13502956"]
[WhiteElo "2468"]
[BlackElo "2626"]
[Result "0-1"]
[Round "08"]
[TimeControl "180+2"]
[Date "2023.05.23"]
[WhiteClock "0:00:00"]
[BlackClock "0:00:06"]

1. c4 e5 2. Nc3 Nf6 3. Nf3 Nc6 4. g3 Bc5 5. Nxe5 Bxf2+ 6. Kxf2 Nxe5 7. d4 Neg4+ 8. Kg1 h5 9. e4 d6 10. h3 Nh6 11. Bg2 c6 12. Bg5 Qc7 13. Qf3 Nh7 14. Bxh6 gxh6 15. Qxh5 Be6 16. Qxh6 O-O-O 17. b3 d5 18. Qe3 dxc4 19. d5 Qe5 20. bxc4 Bd7 21. Rd1 Nf6 22. Ne2 Rde8 23. Rd4 c5 24. Rd1 b6 25. Kf2 Nxe4+ 26. Qxe4 Qxe4 27. Bxe4 Rxe4 28. Rc1 Rxh3 29. Rxh3 Bxh3 30. Nf4 Bg4 31. Rc2 Kd7 32. Ng2 Bf5 33. Rc3 Rd4 34. Ne3 Be4 35. a3 Rd2+ 36. Ke1 Ra2 37. Nd1 f5 38. Nf2 Kd6 39. Nxe4+ fxe4 40. g4 Rg2 41. Rh3 Rxg4 42. Rh6+ Ke5 43. Re6+ Kd4 44. d6 Rg8 45. Ke2 Rd8 46. a4 Rd7 0-1


[Site "https://www.chess.com"]

[Event "Titled Tuesday Blitz May 23 Early 2023"]
[White "Drygalov, Andrey"]
[Black "Schmakel, Sam"]
[WhiteFideId "24171735"]
[BlackFideId "2039311"]
[WhiteElo "2466"]
[BlackElo "2356"]
[Result "1-0"]
[Round "08"]
[TimeControl "180+2"]
[Date "2023.05.23"]
[WhiteClock "0:00:40"]
[BlackClock "0:00:00"]

1. e4 g6 2. d4 Bg7 3. Nc3 d6 4. f4 Nf6 5. Nf3 c5 6. Bb5+ Bd7 7. e5 Ng4 8. e6 fxe6 9. Ng5 Bxb5 10. Nxe6 Qa5 11. Nxg7+ Kf7 12. Qxg4 Kxg7 13. dxc5 Bd7 14. Qe2 Nc6 15. cxd6 exd6 16. O-O Rhe8 17. Be3 Bf5 18. Qd2 d5 19. Nxd5 Qxd2 20. Bxd2 Re2 21. Bc3+ Kf7 22. Rf2 Rxc2 23. Rxc2 Bxc2 24. Ne3 Be4 25. Nc4 Rd8 26. Ne3 b5 27. a3 a5 28. Rc1 b4 29. axb4 axb4 30. Be1 Rd3 31. Nc4 Ke6 32. Kf2 Rb3 33. Kg1 Bd5 34. Bf2 h5 35. g3 Bxc4 36. Rxc4 Kd5 37. Rc5+ Kd6 38. Rc2 Kd5 39. Kg2 Ne7 40. Rd2+ Ke6 41. h3 Nd5 42. Bd4 Ne7 43. Re2+ Kf7 44. Re3 Rxe3 45. Bxe3 b3 46. Kf3 Ke6 47. Ke4 Nf5 48. Bf2 Nd6+ 49. Kd4 Kf5 50. Be3 Nf7 51. Bd2 Nd8 52. Kc3 Ne6 53. Kxb3 Nd4+ 54. Kc4 Ne2 55. Be1 Ng1 56. h4 Nf3 57. Bf2 Ke4 58. b4 Nd2+ 59. Kc3 Nb1+ 60. Kc2 Na3+ 61. Kb3 Nb5 62. Kc4 Na3+ 63. Kc5 Kf3 64. Be1 Ke2 65. Bc3 Kf3 66. Bb2 Nc2 67. b5 Ne1 68. Kc4 Kxg3 69. b6 1-0


[Site "https://www.chess.com"]

[Event "Titled Tuesday Blitz May 23 Early 2023"]
[White "Quesada Perez, Yuniesky"]
[Black "Karthik Rajaa"]
[WhiteFideId "3504409"]
[BlackFideId "25035215"]
[WhiteElo "2585"]
[BlackElo "2215"]
[Result "1-0"]
[Round "08"]
[TimeControl "180+2"]
[Date "2023.05.23"]
[WhiteClock "0:00:10"]
[BlackClock "0:00:01"]

1. e4 Nf6 2. e5 Nd5 3. d4 d6 4. Nf3 dxe5 5. Nxe5 c6 6. Be2 g6 7. c4 Nc7 8. Nc3 Bg7 9. Be3 Nd7 10. Nf3 O-O 11. O-O Nf6 12. h3 Nce8 13. Re1 Nd6 14. Bf4 Nf5 15. Be5 Bh6 16. g4 Nd6 17. g5 Bg7 18. gxf6 exf6 19. Bxd6 Qxd6 20. Bf1 Rd8 21. c5 Qf8 22. Qb3 Rb8 23. Kh2 b6 24. cxb6 Rxb6 25. Qc2 Be6 26. b3 Qd6+ 27. Kg2 Qf4 28. Re4 Bxh3+ 29. Kxh3 Qxf3+ 30. Kh2 f5 31. Re3 Qf4+ 32. Kg2 Qxd4 33. Rd1 Qh4 34. Rxd8+ Qxd8 35. Qe2 Rb8 36. Qf3 Qf6 37. Bc4 h5 38. Ne2 h4 39. Rd3 Qg5+ 40. Kh3 Rd8 41. Rxd8+ Qxd8 42. Qxc6 g5 43. Qd5 g4+ 44. Kg2 Qf6 45. Nf4 h3+ 46. Kh2 Bf8 47. Nxh3 gxh3 48. Kxh3 Kg7 49. Kg2 Qg6+ 50. Kf1 Qf6 51. a4 Qa1+ 52. Kg2 Qf6 53. Bd3 f4 54. Kf3 Bd6 55. Qh5 Kf8 56. Qd5 Ke7 57. Qb7+ Kf8 58. Qa8+ Kg7 59. Qxa7 Qc3 60. Qa6 Bc5 61. Qc4 Qe5 62. Qxf4 Qxf4+ 63. Kxf4 Bxf2 64. b4 Be1 65. b5 Ba5 66. Ke5 Kf8 67. Kd6 Ke8 68. Kc6 Kd8 69. Bf5 f6 70. b6 Bc3 71. Bg4 Be5 72. a5 Bc3 73. a6 1-0


[Site "https://www.chess.com"]

[Event "Titled Tuesday Blitz May 23 Early 2023"]
[White "Kozak, Adam"]
[Black "Papasimakopoulos, Alexandros"]
[WhiteFideId "753246"]
[BlackFideId "4244125"]
[WhiteElo "2469"]
[BlackElo "2359"]
[Result "0-1"]
[Round "08"]
[TimeControl "180+2"]
[Date "2023.05.23"]
[WhiteClock "0:00:02"]
[BlackClock "0:00:25"]

1. d4 e6 2. c4 Nf6 3. Nc3 Bb4 4. Qc2 c5 5. dxc5 Bxc5 6. Nf3 Qb6 7. e3 Be7 8. a3 a6 9. b4 d6 10. Bb2 Nbd7 11. Bd3 Qc7 12. g4 h6 13. h4 b6 14. Ke2 Nxg4 15. Rhg1 h5 16. Ne4 f6 17. Ng3 f5 18. Bxg7 Rh7 19. Bd4 Bb7 20. Ng5 Rh6 21. Bxf5 exf5 22. Nxf5 Bxg5 23. hxg5 Rg6 24. Ng7+ Rxg7 25. Bxg7 O-O-O 26. Bd4 Qc6 27. Rg3 Rf8 28. f4 h4 29. Rxg4 Qf3+ 30. Kd2 Qxg4 31. Re1 h3 32. c5 dxc5 33. bxc5 h2 34. cxb6+ Kb8 35. Qc7+ Ka8 36. g6 Rc8 37. Qd6 Qg2+ 38. Re2 h1=Q 39. Rxg2 Qxg2+ 40. Kd1 Bf3+ 41. Ke1 Rc1# 0-1


[Site "https://www.chess.com"]

[Event "Titled Tuesday Blitz May 23 Early 2023"]
[White "Nazari, Arad"]
[Black "Timofeev, Artyom"]
[WhiteFideId "12577324"]
[BlackFideId "4140419"]
[WhiteElo "2175"]
[BlackElo "2586"]
[Result "0-1"]
[Round "08"]
[TimeControl "180+2"]
[Date "2023.05.23"]
[WhiteClock "0:00:03"]
[BlackClock "0:00:12"]

1. e4 e5 2. f4 d5 3. exd5 e4 4. d3 Nf6 5. dxe4 Nxe4 6. Nf3 Bc5 7. Qe2 Qe7 8. Be3 Nd7 9. Nbd2 Nxd2 10. Bxd2 Nf6 11. Qxe7+ Kxe7 12. Bc4 Rd8 13. O-O-O Nxd5 14. Rhe1+ Kf8 15. Ng5 h6 16. Ne4 Be7 17. h3 c6 18. a4 Be6 19. Bb3 Re8 20. g4 f5 21. Nc3 Nxc3 22. bxc3 Bd7 23. g5 Rad8 24. Kb2 c5 25. h4 Bc6 26. gxh6 gxh6 27. Bc1 Rxd1 28. Rxd1 Bxh4 29. Rg1 h5 30. Rg6 Bd8 31. Rh6 h4 32. Rh8+ Kg7 33. Rxe8 Bxe8 34. Be3 h3 35. Bd5 Bc6 36. Bxc6 bxc6 37. Bg1 c4 38. Kc1 Bb6 39. Bh2 Kg6 40. Kd1 Kh5 0-1


[Site "https://www.chess.com"]

[Event "Titled Tuesday Blitz May 23 Early 2023"]
[White "Sychev, Klementy"]
[Black "Ashraf, Artin"]
[WhiteFideId "4114060"]
[BlackFideId "22514805"]
[WhiteElo "2583"]
[BlackElo "2188"]
[Result "1-0"]
[Round "08"]
[TimeControl "180+2"]
[Date "2023.05.23"]
[WhiteClock "0:00:10"]
[BlackClock "0:00:00"]

1. e4 c5 2. Nf3 d6 3. d4 cxd4 4. Nxd4 Nf6 5. Nc3 a6 6. Bg5 e6 7. f4 Qb6 8. Qd2 h6 9. Bxf6 gxf6 10. O-O-O Nc6 11. Nb3 Qc7 12. Be2 h5 13. Rhf1 Bd7 14. Rf3 O-O-O 15. Rh3 h4 16. Qe1 b5 17. Rxh4 Rxh4 18. Qxh4 Be7 19. Qf2 Kb7 20. h4 Rc8 21. a3 Na5 22. Nxa5+ Qxa5 23. Qd4 Bc6 24. h5 Rg8 25. g4 Qb6 26. Qxb6+ Kxb6 27. Rh1 f5 28. gxf5 exf5 29. Nd5+ Bxd5 30. exd5 Rg2 31. Bd3 Rf2 32. h6 Bf6 33. h7 Bh8 34. Rg1 Bd4 35. Rg8 Rh2 36. Bxf5 Kc5 37. c3 Bf6 38. Be4 Re2 39. Bg2 Rf2 40. Be4 1-0


[Site "https://www.chess.com"]

[Event "Titled Tuesday Blitz May 23 Early 2023"]
[White "Beerdsen, Thomas"]
[Black "Volkov, Maksim"]
[WhiteFideId "1030108"]
[BlackFideId "54123070"]
[WhiteElo "2549"]
[BlackElo "2297"]
[Result "1-0"]
[Round "08"]
[TimeControl "180+2"]
[Date "2023.05.23"]
[WhiteClock "0:02:44"]
[BlackClock "0:00:00"]

1. e4 c5 2. Nf3 d6 3. d4 cxd4 4. Nxd4 Nf6 5. Nc3 a6 6. a3 e5 7. Nf5 d5 8. Bg5 d4 9. Bxf6 gxf6 10. Nb1 Bxf5 11. exf5 Qd5 12. Qh5 Nd7 13. Nd2 Rc8 14. Bd3 Qxg2 15. O-O-O Qd5 16. Kb1 b5 17. Ne4 a5 18. f4 Be7 19. Rhg1 exf4 20. Qh6 b4 21. axb4 axb4 22. Rge1 Rc6 23. Nd2 Rb6 24. Bc4 Qxf5 25. Nb3 Ne5 26. Nxd4 Qg6 27. Qh3 O-O 28. Rg1 Nxc4 29. Nf5 Bc5 30. Qh6 Bxg1 31. Ne7+ Kh8 32. Qxf8+ 1-0


[Site "https://www.chess.com"]

[Event "Titled Tuesday Blitz May 23 Early 2023"]
[White "Zherebukh, Yaroslav"]
[Black "Stoleriu, George"]
[WhiteFideId "14116804"]
[BlackFideId "1227505"]
[WhiteElo "2531"]
[BlackElo "2308"]
[Result "0-1"]
[Round "08"]
[TimeControl "180+2"]
[Date "2023.05.23"]
[WhiteClock "0:00:00"]
[BlackClock "0:00:02"]

1. d4 Nf6 2. c4 e6 3. Nf3 Bb4+ 4. Nbd2 b6 5. a3 Bxd2+ 6. Qxd2 Bb7 7. e3 a5 8. b3 O-O 9. Bb2 d6 10. Bd3 Ne4 11. Qc2 f5 12. d5 exd5 13. Nd4 Qe7 14. cxd5 Bxd5 15. Bc4 Bxc4 16. Qxc4+ Qf7 17. Ne6 b5 18. Qxc7 Na6 19. Qxf7+ Rxf7 20. Ke2 Nac5 21. Nd4 f4 22. f3 fxe3 23. b4 Na4 24. Kxe3 Nf6 25. Bc1 Nd5+ 26. Kf2 axb4 27. Nxb5 b3 28. Rb1 Rb7 29. Nxd6 Rb6 30. Nc4 Rb5 31. Bd2 Rab8 0-1


[Site "https://www.chess.com"]

[Event "Titled Tuesday Blitz May 23 Early 2023"]
[White "Hayrapetyan, Hovik"]
[Black "Martinez Ramirez, Lennis"]
[WhiteFideId "13302639"]
[BlackFideId "3509079"]
[WhiteElo "2348"]
[BlackElo "2410"]
[Result "1-0"]
[Round "08"]
[TimeControl "180+2"]
[Date "2023.05.23"]
[WhiteClock "0:00:07"]
[BlackClock "0:00:16"]

1. d4 Nf6 2. c4 e6 3. Nc3 Bb4 4. Nf3 O-O 5. Bg5 h6 6. Bh4 d5 7. e3 Nbd7 8. cxd5 exd5 9. Bd3 c6 10. O-O a5 11. Ne5 Be7 12. f4 Ne8 13. Bg3 f5 14. h3 Nd6 15. Bh2 Nxe5 16. dxe5 Ne4 17. Bxe4 fxe4 18. Ne2 Qb6 19. Nd4 Qxb2 20. Rb1 Qa3 21. Rb3 Qc5 22. f5 a4 23. Rb1 Qc3 24. Qe2 Bg5 25. Bf4 Bxf4 26. Rxf4 Qd3 27. Qe1 c5 28. Rd1 Qc4 29. Rc1 Qxa2 30. Rxc5 a3 31. Rc7 Rf7 32. Rxf7 Kxf7 33. e6+ Ke7 34. Qg3 Qb1+ 35. Kh2 a2 36. Qxg7+ Kd6 37. f6 a1=Q 38. Qe7+ Ke5 39. Rf5# 1-0


[Site "https://www.chess.com"]

[Event "Titled Tuesday Blitz May 23 Early 2023"]
[White "Zhu, Jiner"]
[Black "Siva Mahadevan"]
[WhiteFideId "8608059"]
[BlackFideId "25043153"]
[WhiteElo "2384"]
[BlackElo "2249"]
[Result "1-0"]
[Round "08"]
[TimeControl "180+2"]
[Date "2023.05.23"]
[WhiteClock "0:00:02"]
[BlackClock "0:00:00"]

1. c4 Nf6 2. Nc3 c5 3. Nf3 d5 4. cxd5 Nxd5 5. g3 Nc6 6. Bg2 Nc7 7. O-O e5 8. d3 Be7 9. Be3 Bd7 10. Rc1 Rb8 11. a3 O-O 12. Nd2 b6 13. Nc4 Re8 14. Bxc6 Bxc6 15. Nxe5 Ba8 16. Nc4 Nd5 17. Bd2 f5 18. f3 b5 19. Nxd5 Qxd5 20. Ne3 Qe5 21. Qc2 Bd6 22. Rf2 Qd4 23. Nxf5 Qd5 24. Nxd6 Qxd6 25. Qxc5 Qe6 26. Qxa7 Rbc8 27. Rxc8 Rxc8 28. Qd4 Qe7 29. Bc3 Rd8 30. Qb4 Qg5 31. Kg2 h5 32. h4 Qf5 33. Qe7 Qd7 34. Qxd7 Rxd7 35. Kf1 Kf7 36. Ke1 Ke6 37. Kd2 Kf5 38. e4+ Ke6 39. Ke3 g6 40. d4 Re7 41. d5+ Kf7 42. Kd4 Rc7 43. Rd2 Rc4+ 44. Ke3 Ke7 45. Rd4 Rc8 46. f4 Kd6 47. e5+ Kc5 48. Bb4+ Kb6 49. e6 Re8 50. Ke4 Rxe6+ 51. Kd3 Re8 52. d6 Bc6 53. Kd2 Bd7 54. Rd3 Bg4 55. Re3 Rd8 56. Re7 Bf5 57. Ke3 Rc8 58. Kd4 Rc1 59. Ke5 Rd1 60. Kf6 Rd3 61. Kf7 Kc6 62. Ke8 1-0


[Site "https://www.chess.com"]

[Event "Titled Tuesday Blitz May 23 Early 2023"]
[White "Domingo Nunez, Ruben"]
[Black "Pranav Anand"]
[WhiteFideId "22245570"]
[BlackFideId "46626786"]
[WhiteElo "2404"]
[BlackElo "2389"]
[Result "0-1"]
[Round "08"]
[TimeControl "180+2"]
[Date "2023.05.23"]
[WhiteClock "0:00:04"]
[BlackClock "0:00:33"]

1. Nf3 d5 2. b3 c5 3. Bb2 Nc6 4. e3 Nf6 5. Be2 e6 6. O-O Bd6 7. c4 d4 8. exd4 cxd4 9. d3 e5 10. Na3 O-O 11. Re1 Re8 12. Bf1 Bg4 13. h3 Bh5 14. g4 Bg6 15. Nh4 e4 16. Nxg6 hxg6 17. Bg2 e3 18. fxe3 dxe3 19. Nc2 Bc7 20. c5 Nd5 21. Qf3 Nf4 22. Rad1 e2 23. Rd2 Qg5 24. Bc3 Qxc5+ 25. d4 Qd6 26. d5 Ne7 27. Ne3 Bb6 28. Kh1 Bxe3 29. Qxe3 Nf5 30. Qf2 Ne3 31. Bf3 Nxh3 32. Qh4 Nf4 33. Qg5 Nf1 34. Rc2 Ng3+ 35. Kg1 Qc5+ 36. Kh2 Qf2+ 0-1


[Site "https://www.chess.com"]

[Event "Titled Tuesday Blitz May 23 Early 2023"]
[White "Sattarov, Bobir"]
[Black "Weishaeutel, Moritz"]
[WhiteFideId "14203081"]
[BlackFideId "12967300"]
[WhiteElo "2351"]
[BlackElo "2301"]
[Result "1-0"]
[Round "08"]
[TimeControl "180+2"]
[Date "2023.05.23"]
[WhiteClock "0:00:15"]
[BlackClock "0:00:00"]

1. e4 e5 2. Nf3 Nf6 3. Nc3 Nc6 4. a3 d5 5. Bb5 Nxe4 6. Nxe5 Qg5 7. Nxc6 Qxg2 8. Rf1 a6 9. Nxd5 axb5 10. Nxc7+ Kd7 11. Nxa8 Kxc6 12. Qe2 Bh3 13. a4 Qxf1+ 14. Qxf1 Bxf1 15. Kxf1 b4 16. d3 Nxf2 17. Bf4 Nh3 18. Bg3 f5 19. a5 f4 20. Be1 Bc5 21. Nb6 g5 22. Nc4 Kd5 23. a6 bxa6 24. Rxa6 g4 25. Ra5 Kc6 26. Ne5+ Kb6 27. Nc4+ Kc6 28. c3 Rg8 29. cxb4 Bd4 30. b5+ Kb7 31. Nd6+ Kb8 32. Ne4 h5 33. Ra4 Be3 34. Nf6 Rg5 35. Rb4 f3 36. Ne4 Rf5 37. Bg3+ Kb7 38. Nd6+ Kb6 39. Nxf5 Bc5 40. Rb3 Ng5 41. d4 Bf8 42. Bh4 Ne4 43. Bd8+ Kb7 44. Re3 Nd2+ 45. Kf2 Bb4 46. Be7 Ba5 47. b4 Bb6 48. Bc5 Bc7 49. b6 Bf4 50. Re7+ Kc6 51. b7 Nc4 52. Bd6 1-0


[Site "https://www.chess.com"]

[Event "Titled Tuesday Blitz May 23 Early 2023"]
[White "Jeet, Jain"]
[Black "Gharibyan, Mamikon"]
[WhiteFideId "5073022"]
[BlackFideId "13308300"]
[WhiteElo "2067"]
[BlackElo "2445"]
[Result "1/2-1/2"]
[Round "08"]
[TimeControl "180+2"]
[Date "2023.05.23"]
[WhiteClock "0:01:42"]
[BlackClock "0:01:37"]

1. Nf3 g6 2. d4 Bg7 3. g3 Nf6 4. Bg2 O-O 5. O-O d5 6. c4 c6 7. cxd5 cxd5 8. Nc3 Ne4 9. Ne5 Bf5 10. Nxe4 Bxe4 11. Bxe4 dxe4 12. Bf4 Qd5 13. Rc1 Nc6 14. Nxc6 bxc6 15. e3 Qxa2 16. Rxc6 Qxb2 17. Qa4 a5 18. Rc5 Rfc8 19. Rxc8+ Rxc8 20. Qxa5 Bf6 21. Qd5 Qc2 22. Ra1 Kg7 23. Be5 1/2-1/2


[Site "https://www.chess.com"]

[Event "Titled Tuesday Blitz May 23 Early 2023"]
[White "Al-Tarboush, Ward"]
[Black "Rostovtsev, Dmitry"]
[WhiteFideId "7601450"]
[BlackFideId "34278320"]
[WhiteElo "2265"]
[BlackElo "2344"]
[Result "1-0"]
[Round "08"]
[TimeControl "180+2"]
[Date "2023.05.23"]
[WhiteClock "0:00:26"]
[BlackClock "0:00:02"]

1. e4 c5 2. Nf3 Nc6 3. d4 cxd4 4. Nxd4 Nf6 5. Nc3 d6 6. Bg5 g6 7. Bxf6 exf6 8. Bc4 Bg7 9. Nf3 O-O 10. O-O f5 11. Bd5 fxe4 12. Bxe4 Be6 13. Qd2 Qa5 14. Rad1 Rfd8 15. Bd5 Bxc3 16. Qxc3 Qxc3 17. bxc3 Bxd5 18. Rxd5 Kf8 19. Rfd1 Ke7 20. Nd4 a6 21. Nb3 Rac8 22. Re1+ Kf6 23. Red1 Ke6 24. f4 Ne7 25. R5d3 d5 26. g4 Kf6 27. g5+ Kg7 28. Nd4 Rc7 29. Re1 Rdc8 30. h4 Kf8 31. Ree3 h6 32. gxh6 Kg8 33. h5 Kh7 34. hxg6+ Nxg6 35. Rf3 Kxh6 36. Nf5+ Kh7 37. Rh3+ Kg8 38. Rdf3 Re8 39. Nh6+ Kf8 40. f5 Ne5 41. Rfg3 Rc6 42. Ng8 Nd7 43. Rh8 Re1+ 44. Kf2 Rc1 45. f6 Rxc2+ 46. Kg1 Rc1+ 47. Kf2 Rc2+ 48. Ke1 Nxf6 49. Nxf6+ Ke7 50. Nxd5+ Kd6 51. Rd8+ Kc5 52. Rg5 Re6+ 53. Kd1 Rf2 54. Nf4+ Kc4 55. Nxe6 fxe6 56. Rc8+ Kd3 57. Rg3+ Ke4 58. Rc4+ Ke5 59. Re3+ Kd5 60. Rd4+ Kc5 61. Rd2 Rf1+ 62. Kc2 Rf6 63. Rde2 Kd6 64. Kb3 b6 65. a4 a5 66. Kc4 Kc7 67. Rxe6 Rf1 68. Re7+ Kc6 69. R2e6# 1-0


[Site "https://www.chess.com"]

[Event "Titled Tuesday Blitz May 23 Early 2023"]
[White "Kilic, Eray"]
[Black "Kleiman, Jake"]
[WhiteFideId "44517173"]
[BlackFideId "2020041"]
[WhiteElo "2328"]
[BlackElo "2635"]
[Result "1-0"]
[Round "08"]
[TimeControl "180+2"]
[Date "2023.05.23"]
[WhiteClock "0:00:04"]
[BlackClock "0:00:10"]

1. Nf3 Nf6 2. g3 e6 3. Bg2 d5 4. O-O b5 5. b3 c5 6. Bb2 Bb7 7. d3 Be7 8. Nbd2 O-O 9. Ne5 Nc6 10. Nxc6 Bxc6 11. Re1 a5 12. e4 a4 13. exd5 Bxd5 14. Ne4 Ra6 15. Rb1 axb3 16. axb3 Ba8 17. Bxf6 gxf6 18. Qh5 f5 19. Nd2 Bxg2 20. Kxg2 Ra2 21. Rbc1 Bf6 22. Nf3 Kg7 23. Re2 Qd5 24. c4 Qa8 25. Rxa2 Qxa2 26. cxb5 Qxb3 27. Rxc5 Qxd3 28. Rc7 Qxb5 29. Ng5 Qd5+ 30. Kh3 Bxg5 31. Qxg5+ Kh8 32. Qf6+ Kg8 33. Ra7 Qf3 34. Ra4 Qh5+ 35. Kg2 Qg6 36. Qe7 h6 37. h3 Rc8 38. Kh2 Rf8 39. g4 h5 40. gxf5 Qxf5 41. Kg2 Rc8 42. Ra3 Kh7 43. Rg3 Rg8 44. Rxg8 Kxg8 45. Qb7 Kg7 46. Qc7 Qe4+ 47. Kg1 Qd5 48. Qc3+ Kg6 49. Qc2+ Qf5 50. Qc8 Qxh3 51. Qg8+ Kf6 52. Qh8+ Ke7 53. Qa8 Qg4+ 54. Kh2 Qf5 55. Qa7+ Kf6 56. Qa8 Kg6 57. Qg8+ Kh6 58. Qh8+ Kg5 59. Qg7+ Kf4 60. Qd4+ Qe4 61. Qf6+ Kg4 62. Qg7+ Kh4 63. Qg3# 1-0


[Site "https://www.chess.com"]

[Event "Titled Tuesday Blitz May 23 Early 2023"]
[White "Omelja, Artem"]
[Black "Fernandez Guillen, Ernesto J."]
[WhiteFideId "14119846"]
[BlackFideId "3512428"]
[WhiteElo "2404"]
[BlackElo "2429"]
[Result "0-1"]
[Round "08"]
[TimeControl "180+2"]
[Date "2023.05.23"]
[WhiteClock "0:00:00"]
[BlackClock "0:01:51"]

1. e4 e5 2. Nf3 Nc6 3. d4 exd4 4. Nxd4 g6 5. Nc3 Bg7 6. Be3 Nge7 7. Bc4 O-O 8. O-O Ne5 9. Be2 d5 10. f4 Nd7 11. f5 c5 12. Nf3 d4 13. Nxd4 cxd4 14. Bxd4 Bxd4+ 15. Qxd4 Qb6 16. Qxb6 Nxb6 17. f6 Nc6 18. a4 a5 19. Rad1 Be6 20. Nd5 Bxd5 21. exd5 Nb4 22. Rd2 N4xd5 23. Bf3 Nxf6 24. Bxb7 Rab8 25. Bc6 Ng4 26. b3 Ne5 27. Bb5 Rbd8 28. Re2 f6 29. c4 Nbd7 30. b4 axb4 31. a5 Nc5 32. a6 b3 33. g4 h6 34. h4 g5 35. hxg5 hxg5 36. Ra1 Rf7 37. Kg2 Ra7 38. Rf2 Kg7 39. Raf1 Rd6 40. Rb2 Ned3 41. Rbb1 b2 42. Rfd1 Re6 43. Kf3 Rae7 44. Rd2 Re3+ 45. Kg2 Re1 46. Rbxb2 Nxb2 47. Rxb2 R1e2+ 48. Rxe2 Rxe2+ 49. Kf3 Ra2 50. Ke3 Nxa6 51. Kd4 Nc7 52. Bc6 Ra5 53. Be4 Kf7 54. Bf5 Ke7 55. Kc3 Kd6 56. Kb4 Rc5 0-1


[Site "https://www.chess.com"]

[Event "Titled Tuesday Blitz May 23 Early 2023"]
[White "Garv Gaur"]
[Black "Tatarinov, Dmitry"]
[WhiteFideId "45030839"]
[BlackFideId "24160067"]
[WhiteElo "2068"]
[BlackElo "2326"]
[Result "0-1"]
[Round "08"]
[TimeControl "180+2"]
[Date "2023.05.23"]
[WhiteClock "0:00:59"]
[BlackClock "0:02:18"]

1. Nf3 d5 2. d4 Nf6 3. Bf4 c5 4. e3 Nc6 5. c3 e6 6. Nbd2 Bd6 7. Bg3 O-O 8. Bd3 h6 9. O-O b6 10. Qe2 Bb7 11. e4 Bxg3 12. hxg3 cxd4 13. exd5 Qxd5 14. Ne4 dxc3 15. Nxf6+ gxf6 16. bxc3 Ne5 17. Rad1 Nxf3+ 18. gxf3 Qxf3 19. Qxf3 Bxf3 20. Rd2 Rfd8 21. Rc1 Kg7 22. Kf1 Rd6 23. c4 Rad8 24. Rc3 e5 25. Be2 Rxd2 26. Bxf3 Rxa2 27. c5 Rdd2 28. c6 Rxf2+ 29. Ke1 Rfc2 30. Rxc2 Rxc2 31. Kd1 Rc5 0-1


[Site "https://www.chess.com"]

[Event "Titled Tuesday Blitz May 23 Early 2023"]
[White "Kaczur, Florian"]
[Black "Hoffmann, Asa"]
[WhiteFideId "705098"]
[BlackFideId "2001470"]
[WhiteElo "2485"]
[BlackElo "2117"]
[Result "1-0"]
[Round "08"]
[TimeControl "180+2"]
[Date "2023.05.23"]
[WhiteClock "0:01:30"]
[BlackClock "0:01:01"]

1. Nf3 d6 2. d4 Bg4 3. e3 Nd7 4. h3 Bh5 5. g4 Bg6 6. Nh4 e5 7. Nxg6 hxg6 8. Bg2 c6 9. Nc3 Ngf6 10. Qd3 d5 11. Bd2 e4 12. Qe2 Bd6 13. O-O-O Qe7 14. f3 exf3 15. Bxf3 O-O-O 16. Qg2 Rde8 17. Rde1 Qd8 18. e4 dxe4 19. Nxe4 Nxe4 20. Bxe4 Nf6 21. Bd3 Rxe1+ 22. Rxe1 Re8 23. a3 Rxe1+ 24. Bxe1 Qe7 25. Bd2 Nd5 26. Qf2 Kc7 27. c4 Nf6 28. c5 Nd5 29. cxd6+ Kxd6 30. Bc4 f6 31. Bxd5 Kxd5 32. Qf3+ 1-0


[Site "https://www.chess.com"]

[Event "Titled Tuesday Blitz May 23 Early 2023"]
[White "Dubov, Daniil"]
[Black "Shukhman, Anna"]
[WhiteFideId "24126055"]
[BlackFideId "54180058"]
[WhiteElo "2793"]
[BlackElo "2235"]
[Result "1-0"]
[Round "08"]
[TimeControl "180+2"]
[Date "2023.05.23"]
[WhiteClock "0:02:43"]
[BlackClock "0:01:57"]

1. e4 c5 2. Nc3 e6 3. g3 Nc6 4. Bg2 g6 5. Nge2 Bg7 6. O-O Nge7 7. d3 O-O 8. Be3 Nd4 9. f4 d6 10. Bf2 Rb8 11. Nxd4 cxd4 12. Ne2 e5 13. c3 dxc3 14. Nxc3 f5 15. Bxa7 Ra8 16. Qb3+ Kh8 17. Bb6 Qe8 18. Rae1 exf4 19. exf5 Bxf5 20. Nd5 Rf7 21. Nc7 Qf8 22. Nxa8 fxg3 23. hxg3 Nc6 24. Nc7 Nd4 25. Qxf7 Qxf7 26. Re8+ Bf8 27. Bxd4+ Kg8 28. Bd5 1-0


[Site "https://www.chess.com"]

[Event "Titled Tuesday Blitz May 23 Early 2023"]
[White "Galchenko, Matvey"]
[Black "Begmuratov, Alisher"]
[WhiteFideId "24175480"]
[BlackFideId "14203367"]
[WhiteElo "2423"]
[BlackElo "2387"]
[Result "1-0"]
[Round "08"]
[TimeControl "180+2"]
[Date "2023.05.23"]
[WhiteClock "0:00:05"]
[BlackClock "0:00:06"]

1. f4 c5 2. Nf3 Nc6 3. g3 g6 4. Bg2 Bg7 5. O-O b6 6. d3 Bb7 7. e4 e6 8. Nc3 Nge7 9. Be3 O-O 10. d4 cxd4 11. Nxd4 d5 12. Nxc6 Bxc6 13. e5 Rc8 14. Ne2 Nf5 15. Bf2 Bb5 16. Re1 Bxe2 17. Qxe2 Qc7 18. c3 Rfd8 19. Rad1 Bf8 20. g4 Ng7 21. Kh1 Bc5 22. Bh4 Be7 23. Bg3 Qc4 24. Qxc4 Rxc4 25. h3 Rc7 26. Bf3 b5 27. Rd4 Bc5 28. Rd3 Rb8 29. a3 a5 30. Rc1 Be7 31. Rdd1 Rbc8 32. Ra1 Ne8 33. f5 Bc5 34. Kg2 Ng7 35. fxe6 fxe6 36. Be2 Rb8 37. Rf1 Ne8 38. h4 Be7 39. Rac1 Rcc8 40. h5 Bg5 41. Rcd1 Nc7 42. Bd3 gxh5 43. gxh5 Na6 44. Kh3 Nc5 45. Be2 Ne4 46. Bg4 Re8 47. Be1 Rb7 48. Rg1 h6 49. Bf3 Kh7 50. Rg4 Nc5 51. Be2 Rf8 52. b4 axb4 53. axb4 Ne4 54. Bd3 Rbf7 55. Kg2 Rf3 56. Rxe4 dxe4 57. Bxe4+ R3f5 58. Rd7+ Kg8 59. Bxf5 Rxf5 60. Bg3 Rf8 61. Rd6 Rc8 62. Rxe6 Rxc3 63. Rb6 Rc2+ 64. Kf3 Rc3+ 65. Kg4 Rc4+ 66. Kf5 Rxb4 67. e6 Rd4 68. Be5 Rd8 69. Rxb5 Rf8+ 70. Kg6 Re8 71. Rb6 Be3 72. Rc6 Bg5 73. Bg7 Be3 74. Bxh6 Bd4 75. Bg5 Ba1 76. h6 Kh8 77. e7 Bd4 78. Rd6 Be5 79. Rd8 1-0


[Site "https://www.chess.com"]

[Event "Titled Tuesday Blitz May 23 Early 2023"]
[White "Skliarov, Viktor"]
[Black "Stribuk, Artiom"]
[WhiteFideId "14106736"]
[BlackFideId "13515659"]
[WhiteElo "2317"]
[BlackElo "2303"]
[Result "1-0"]
[Round "08"]
[TimeControl "180+2"]
[Date "2023.05.23"]
[WhiteClock "0:00:15"]
[BlackClock "0:00:00"]

1. e4 c5 2. Nf3 d6 3. d4 cxd4 4. Qxd4 Nf6 5. Nc3 Nc6 6. Bb5 Bd7 7. Bxc6 Bxc6 8. Bg5 e6 9. O-O-O Be7 10. Rhe1 O-O 11. Kb1 h6 12. Bh4 b5 13. Qd3 Qb6 14. Nd4 b4 15. Nxc6 Qxc6 16. Nb5 Rfd8 17. f3 a5 18. g4 a4 19. g5 hxg5 20. Bxg5 Ra5 21. Nd4 Qa6 22. Qxa6 Rxa6 23. f4 Kf8 24. f5 e5 25. Bxf6 Bxf6 26. Nb5 Ke7 27. Nc7 Ra7 28. Nd5+ Kd7 29. Nxb4 Rh8 30. Re2 Rh4 31. Nd5 Bg5 32. b3 Kc6 33. Kb2 Ra8 34. b4 Rah8 35. c4 Rxh2 36. Rxh2 Rxh2+ 37. Ka3 Re2 38. Kxa4 Rxe4 39. Kb3 Re2 40. Nc3 Re3 41. b5+ Kd7 42. c5 Be7 43. c6+ Kc7 44. Kc4 1-0


[Site "https://www.chess.com"]

[Event "Titled Tuesday Blitz May 23 Early 2023"]
[White "Salinas Herrera, Pablo"]
[Black "Melikyan, Gnel"]
[WhiteFideId "3407128"]
[BlackFideId "54109990"]
[WhiteElo "2546"]
[BlackElo "2138"]
[Result "1-0"]
[Round "08"]
[TimeControl "180+2"]
[Date "2023.05.23"]
[WhiteClock "0:01:14"]
[BlackClock "0:00:14"]

1. e4 e5 2. Nf3 Nc6 3. Bc4 Bc5 4. O-O Nf6 5. d3 d6 6. c3 O-O 7. a4 a6 8. h3 h6 9. Re1 Be6 10. Bxe6 fxe6 11. b4 Bb6 12. Na3 d5 13. Qb3 Qd7 14. Ra2 Rae8 15. Rae2 g5 16. exd5 exd5 17. b5 Na5 18. Qa2 e4 19. dxe4 g4 20. hxg4 Nxg4 21. Nd4 c6 22. exd5 Rxe2 23. Qxe2 cxd5 24. f3 Nf6 25. Bxh6 Re8 26. Qf2 Nb3 27. Rxe8+ Qxe8 28. Qg3+ 1-0


[Site "https://www.chess.com"]